 Dungeon Crawl Stone Soup version 0.21-a0-522-ga8338f0 (webtiles) character file.

33644 theanonym the Severer (level 13, -3/115 HPs)
             Began as a Ghoul Monk on Dec 6, 2017.
             Was a High Priest of Makhleb.
             Slain by a basilisk (4 damage)
             ... on level 6 of the Lair of Beasts.
             The game lasted 01:00:41 (21081 turns).

theanonym the Severer (Ghoul Monk)                 Turns: 21081, Time: 01:00:42

Health: -3/115     AC: 19    Str: 20    XL:     13   Next: 72%
Magic:  30/30      EV:  2    Int: 11    God:    Makhleb [*****.]
Gold:   822        SH:  0    Dex: 11    Spells: 10/12 levels left

rFire    . . .     SeeInvis .   a - +6 executioner's axe "Jaozepaf" {pain, *Rage MP+9 Int+6}
rCold    + + .     Gourm    .   (shield currently unavailable)
rNeg     + + +     Faith    .   g - +2 scale mail {rC+} {10}
rPois    ∞         Spirit   .   (no helmet)
rElec    .         Reflect  .   B - +0 cloak
rCorr    .         Harm     .   f - +1 pair of gloves
MR       +....                  m - +0 pair of boots
Stlth    ..........             (no amulet)
HPRegen  0.00/turn              l - ring of protection from magic {MR+}
MPRegen  0.22/turn              G - +5 ring of protection

@: petrified, rotting, studying Invocations
A: rotting body, claws 1, carnivore 3, cold resistance 1, negative energy
resistance 3, inhibited regeneration, torment resistance, unbreathing
a: Minor Destruction, Lesser Servant of Makhleb, Major Destruction, Greater
Servant of Makhleb, Renounce Religion


Innate Abilities, Weirdness & Mutations

Your body is rotting away.
You thrive on raw meat.
You are immune to poison.
You have sharp fingernails.
You are carnivorous and can eat meat at any time.
Your flesh is cold resistant. (rC+)
You are immune to negative energy. (rN+++)
You do not regenerate when monsters are visible.
You are immune to unholy pain and torment.
You can survive without breathing.


   Skills:
 + Level 10.9 Fighting
 * Level 16.1 Axes
 + Level 5.3 Armour
 - Level 2.6 Dodging
 - Level 2.1 Stealth
 + Level 12.1 Invocations


You had 10 spell levels left.
You knew the following spells:

 Your Spells              Type           Power        Failure   Level  Hunger
g - Blink                 Tloc           N/A          82%         2    ###....

Skill      XL: |  1  2  3  4  5  6  7  8  9 10 11 12 13 |
---------------+----------------------------------------+-----
Axes           | 3 4 5 6 7 9 11 13 14 15 16 | 16.1
Fighting       | 4 5 7 8 10 | 10.9
Invocations    | 3 5 7 10 12 | 12.1
Armour         | 3 5 |  5.3
Dodging        | |  2.6
Stealth        | |  2.1

Action                   |  1- 3 |  4- 6 |  7- 9 | 10-12 | 13-15 || total
-------------------------+-------+-------+-------+-------+-------++-------
Melee: Hand axe          |   129 |   374 |   797 |   429 |       ||  1729
       Battleaxe         |       |       |       |   224 |       ||   224
       Executioner's axe |       |       |       |   159 |   184 ||   343
Throw: Javelin           |     2 |     7 |    12 |    15 |       ||    36
       Throwing net      |       |       |       |     1 |       ||     1
Invok: Minor Destruction |       |       |     1 |    26 |    16 ||    43
       Lesser Servant of |       |       |     2 |    14 |     3 ||    19
       Major Destruction |       |       |       |     3 |     3 ||     6
Evoke: Wand              |       |       |    11 |    21 |       ||    32
  Use: Scroll            |     3 |     1 |    13 |    15 |     1 ||    33
       Potion            |       |     1 |     1 |     8 |     2 ||    12
 Stab: Sleeping          |     2 |       |       |       |       ||     2
       Invisible         |       |     1 |       |     7 |       ||     8
       Betrayed ally     |       |       |     1 |       |       ||     1
       Confused          |       |       |     2 |       |       ||     2
       Distracted        |       |       |     1 |     4 |       ||     5
  Eat: Chunk             |    10 |    13 |    64 |    98 |    37 ||   222
       Meat ration       |       |       |     1 |       |       ||     1
       Royal jelly       |       |       |       |     1 |       ||     1
Armor: Ring mail         |    74 |       |       |       |       ||    74
       Scale mail        |       |   141 |   149 |    58 |   229 ||   577
       Chain mail        |       |       |   279 |   371 |       ||   650
Dodge: Dodged            |    90 |    96 |   222 |   333 |   138 ||   879
Block: Shield            |    47 |   122 |   176 |       |       ||   345

Inventory:

Hand Weapons
 a - the +6 executioner's axe "Jaozepaf" (weapon) {pain, *Rage MP+9 Int+6}
   (You acquired it on level 1 of the Lair of Beasts)

   In the hands of one skilled in necromantic magic, it inflicts extra damage on
   living creatures.
   It affects your intelligence (+6).
   It affects your magic capacity (+9).
   It may make you go berserk in combat.
 h - a +2 scimitar of flaming
   (You took it off Erica on level 8 of the Dungeon)
 s - the +10 broad axe of Bread {protect, *Drain +Blink rF+ Str+4}
   (You acquired it on level 3 of the Lair of Beasts)

   It protects the one who uses it against injury (+AC on strike).
   It affects your strength (+4).
   It protects you from fire.
   It lets you blink.
   It causes draining when unequipped.
Missiles
 u - 3 throwing nets (quivered) {!f}
Armour
 f - a +1 pair of gloves (worn)
   (You found it on level 8 of the Dungeon)
 g - a +2 scale mail of cold resistance (worn) {10}
   (You found it on level 2 of the Lair of Beasts)
 m - a +0 pair of boots (worn)
   (You found it on level 3 of the Dungeon)
 B - a +0 cloak (worn)
   (You took it off Crazy Yiuf on level 2 of the Dungeon)
Jewellery
 j - an uncursed ring of see invisible {SInv}
   (You found it on level 3 of the Dungeon)
 l - a ring of protection from magic (left hand) {MR+}
   (You found it on level 2 of the Dungeon)
 A - an uncursed amulet of guardian spirit {Spirit}
   (You found it on level 1 of the Lair of Beasts)
 D - an uncursed ring of protection from magic {MR+}
   (You found it on level 3 of the Lair of Beasts)
 G - a +5 ring of protection (right hand)
   (You found it on level 10 of the Dungeon)
Wands
 d - a wand of digging (9)
   (You bought it in a shop on level 10 of the Dungeon)
 z - a wand of paralysis (7)
   (You found it on level 3 of the Lair of Beasts)
 H - a wand of polymorph (34)
   (You found it on level 3 of the Lair of Beasts)
 I - a wand of iceblast (19)
   (You found it on level 4 of the Lair of Beasts)
 K - a wand of disintegration (8)
   (You found it on level 4 of the Lair of Beasts)
 L - a wand of scattershot (6)
   (You found it on level 5 of the Lair of Beasts)
Scrolls
 b - 2 scrolls of blinking
 c - 2 scrolls of fear {!r}
 k - 8 scrolls of remove curse
 o - 4 scrolls of enchant weapon
 r - a scroll of identify
 t - 6 scrolls of teleportation {!r}
 y - 6 scrolls of magic mapping {!r}
 F - 4 scrolls of enchant armour
Potions
 i - 2 potions of flight
 q - 2 potions of heal wounds
 v - 3 potions of haste
 w - 5 potions of curing
 x - a potion of agility
 E - 3 potions of cancellation
 J - 2 potions of ambrosia
 M - a potion of resistance {rF+ rC+}
Books
 C - a manual of Invocations
   (You found it on level 10 of the Dungeon)
Comestibles
 e - 10 royal jellies
 n - 10 meat rations
 p - a chunk of flesh

Dungeon Overview and Level Annotations

Branches:
Dungeon (12/15)            Temple (1/1) D:4            Lair (6/6) D:10
  Swamp (0/4) Lair:3        Snake (0/4) Lair:4
  Slime: Lair:5-6       Orc: D:9-12

Altars:
Ashenzari
Cheibriados
Dithmenos
Elyvilon
Fedhas
Gozag
Hepliaklqana
Kikubaaqudgha
Makhleb
Nemelex Xobeh
Qazlal
Ru
Trog
Vehumet
Xom
Yredelemnul
Zin

Shops:
D:10 }

Annotations:
Lair:4 exclusion: oklob plant


You were on level 6 of the Lair of Beasts.
You worshipped Makhleb.
Makhleb was extremely pleased with you.
You were not hungry.

You visited 3 branches of the dungeon, and saw 19 of its levels.

You collected 1182 gold pieces.
You spent 360 gold pieces at shops.


Message History

Your smoke demon hits the five-headed hydra!
The five-headed hydra dies!
Makhleb accepts your kill. The blink frog barely misses you.
The blink frog hits you.
Your smoke demon closely misses the blink frog.
Your smoke demon misses the blink frog.
Your smoke demon hits the blink frog.
You take 4 damage, and have 79/115 hp.
You hit the blink frog.
The blink frog blinks!
Your smoke demon gestures at the blink frog.
The sticky flame hits the blink frog.
The blink frog is covered in liquid flames!
The blink frog burns!
The blink frog is engulfed in a cloud of scalding steam.
The blink frog misses you.
The blink frog is engulfed in a cloud of scalding steam.
The blink frog hits you but does no damage.
You slash the blink frog!
You kill the blink frog!
Makhleb accepts your kill.
You feel better.
You regained 11 hp, and now have 90/115 hp.
No target in view!
No target in view!
Eating one of 3 chunks of flesh.
You eat one of the 3 chunks of flesh.
This raw flesh tastes great!
You regained 4 hp, and now have 94/115 hp.
You see here a blink frog corpse.
You butcher the blink frog corpse.
p - 3 chunks of flesh (gained 1)
There is a stone staircase leading down here.
You see here a book of Minor Magic.
Eating one of 3 chunks of flesh.
You eat one of the 3 chunks of flesh.
This raw flesh tastes great!
You regained 2 hp, and now have 98/115 hp.
Eating one of 2 chunks of flesh.
You eat one of the 2 chunks of flesh.
This raw flesh tastes great!
Health restored: 115 There isn't anything to butcher here.
You climb downwards.
Your summoned ally is left behind.
The blink frog barely misses you.
The blink frog blinks!
The blink frog hits you.
The komodo dragon bites you but does no damage.
The blink frog hits you but does no damage.
The crocodile misses you. The blink frog hits you. The komodo dragon bites you!
The basilisk gazes at you.
You are slowing down.
The blink frog hits you but does no damage.
A water moccasin comes into view.
There is a stone staircase leading up here.
You take 16 damage, and have 99/115 hp.
The water moccasin hisses angrily.
The blink frog completely misses you. The blink frog hits you!
The blink frog hits you but does no damage.
The crocodile bites you. The blink frog hits you.
The blink frog blinks!
The komodo dragon bites you!
The blink frog blinks!
The crocodile bites you but does no damage.
The blink frog hits you!
You have turned to stone.
The komodo dragon bites you! The blink frog hits you!
The blink frog blinks!
The blink frog hits you but does no damage.
The crocodile bites you but does no damage.
The blink frog blinks!
The komodo dragon bites you but does no damage.
The blink frog hits you but does no damage.
The crocodile bites you but does no damage.
The komodo dragon hisses angrily.
The blink frog hits you.
The water moccasin bites you but does no damage.
The komodo dragon hisses menacingly.
The komodo dragon bites you! The basilisk gazes at you.
You resist with almost no effort.
The blink frog blinks!
The crocodile bites you!
* * * LOW HITPOINT WARNING * * *
The blink frog hits you but does no damage.
The water moccasin bites you.
* * * LOW HITPOINT WARNING * * *
The komodo dragon bites you!!
* * * LOW HITPOINT WARNING * * *
The basilisk bites you!
* * * LOW HITPOINT WARNING * * *
The blink frog hits you!
* * * LOW HITPOINT WARNING * * *
The water moccasin bites you but does no damage.
The crocodile bites you but does no damage.
The blink frog blinks!
The komodo dragon bites you.
* * * LOW HITPOINT WARNING * * *
The komodo dragon bites you!
* * * LOW HITPOINT WARNING * * *
The water moccasin bites you.
* * * LOW HITPOINT WARNING * * *
The basilisk gazes at you. You resist with almost no effort.
The crocodile bites you!
* * * LOW HITPOINT WARNING * * *
The water moccasin bites you but does no damage.
The komodo dragon bites you!!
* * * LOW HITPOINT WARNING * * *
The komodo dragon bites you!
* * * LOW HITPOINT WARNING * * *
The basilisk bites you!
You die...

............###
.........P.....P.#.. .
....P.#.........÷.# ..
D.....####.......#(#
...
.......##.......####
.... ..............##
...##...#..P..P..#
#..##..lt#.#.....P#.#
#...l@..###.....###
#....FS.l#.P......##.#
........##...$.........
....##................P
..# ..#.P..............
# ..#................
.......P..#[....... .
.............#...... ..
...................


You could see 2 komodo dragons, a basilisk, a blink frog, a water moccasin and a
crocodile.

Notes
Turn   | Place    | Note
-------+----------+-------------------------------------------
     0 | D:1      | theanonym the Ghoul Monk began the quest for the Orb.
     0 | D:1      | Reached XP level 1. HP: 19/19 MP: 0/0
   112 | D:1      | Reached skill level 3 in Axes
   187 | D:1      | HP: 8/19 [jackal (2)]
   195 | D:1      | Reached XP level 2. HP: 22/26 MP: 1/1
   807 | D:2      | Reached XP level 3. HP: 31/31 MP: 2/2
   832 | D:2      | Reached skill level 4 in Axes
  1036 | D:2      | Noticed Terence
  1046 | D:2      | Killed Terence
  1046 | D:2      | Reached XP level 4. HP: 33/38 MP: 3/3
  1218 | D:2      | Found a runed door.
  1341 | D:2      | Noticed Crazy Yiuf
  1344 | D:2      | HP: 12/38 [Crazy Yiuf/quarterstaff of chaos (9)]
  1362 | D:2      | HP: 17/38 [Crazy Yiuf/quarterstaff of chaos (1)]
  2013 | D:3      | HP: 10/37 [gnoll/halberd (11)]
  2018 | D:2      | HP: 7/37 [quokka (1)]
  2246 | D:2      | HP: 16/37 [gnoll/halberd (4)]
  2430 | D:2      | Reached XP level 5. HP: 25/43 MP: 4/4
  2572 | D:3      | HP: 16/43 [gnoll/halberd (15)]
  2574 | D:3      | Reached skill level 5 in Axes
  2897 | D:3      | Noticed Fingolfin's ghost (amateur GrEE)
  2919 | D:3      | Killed Fingolfin's ghost
  3001 | D:3      | Reached skill level 4 in Fighting
  3009 | D:3      | Found a hazy altar of Hepliaklqana.
  3027 | D:3      | Found a shimmering altar of Xom.
  3028 | D:3      | Noticed Ijyb
  3064 | D:3      | Killed Ijyb
  3064 | D:3      | Reached XP level 6. HP: 46/52 MP: 5/5
  3101 | D:3      | HP: 19/52 [crimson imp/dagger of chaos (19)]
  3486 | D:3      | HP: 24/51 [crimson imp (2)]
  3495 | D:3      | HP: 26/52 [crimson imp (2)]
  3581 | D:3      | HP: 24/53 [crimson imp/mace (3)]
  3637 | D:3      | HP: 22/53 [crimson imp/mace (5)]
  3879 | D:3      | Reached skill level 6 in Axes
  4049 | D:2      | Killed Crazy Yiuf
  4279 | D:3      | Reached XP level 7. HP: 44/60 MP: 6/6
  4369 | D:3      | Found an opulent altar of Gozag.
  4495 | D:3      | HP: 19/60 [crimson imp/dagger of chaos (17)]
  4952 | D:3      | HP: 18/58 [crimson imp/dagger of chaos (19)]
  5316 | D:4      | HP: 23/58 [gnoll/halberd (7)]
  5481 | D:3      | Reached skill level 5 in Fighting
  5820 | D:4      | Reached skill level 7 in Axes
  5831 | D:4      | HP: 23/61 [ogre/giant club (19)]
  5846 | D:4      | HP: 21/61 [orc/short sword (2)]
  5881 | D:4      | HP: 25/61 [orc wizard/puff of flame (12)]
  5893 | D:4      | HP: 15/61 [ogre/giant spiked club (18)]
  6279 | D:4      | Found a staircase to the Ecumenical Temple.
  6293 | Temple   | Entered the Ecumenical Temple
  6302 | Temple   | Became a worshipper of Makhleb the Destroyer
  6302 | Temple   | Reached * piety under Makhleb
  6302 | Temple   | Reached ** piety under Makhleb
  6318 | D:4      | Reached XP level 8. HP: 43/70 MP: 7/7
  6719 | D:5      | Entered Level 5 of the Dungeon
  6801 | D:5      | Reached skill level 6 in Fighting
  7085 | D:5      | Reached skill level 8 in Axes
  7356 | D:5      | HP: 33/71 [ogre/giant spiked club (27)]
  7602 | D:6      | HP: 35/71 [ogre/giant spiked club (13)]
  7608 | D:6      | HP: 32/71 [wight/enchanted short sword (4)]
  7631 | D:5      | HP: 31/71 [wight/enchanted short sword (5)]
  7640 | D:5      | HP: 29/71 [wight/enchanted short sword (2)]
  7885 | D:6      | HP: 34/70 [ogre/giant club (4)]
  7923 | D:6      | Reached skill level 7 in Fighting
  8101 | D:6      | HP: 36/73 [wyvern zombie (2)]
  8121 | D:6      | HP: 10/73 [wyvern zombie (10)]
  8226 | D:6      | HP: 29/72 [wyvern zombie (2)]
  8231 | D:6      | HP: 18/72 [wyvern zombie (3)]
  8236 | D:6      | HP: 6/72 [wyvern zombie (6)]
  8237 | D:6      | Reached skill level 9 in Axes
  8338 | D:6      | Noticed tilp's ghost (novice DEFE)
  8345 | D:6      | HP: 17/71 [tilp's ghost/puff of flame (10)]
  8721 | D:6      | Reached *** piety under Makhleb
  8728 | D:6      | HP: 35/72 [orc warrior/trident (10)]
  8733 | D:5      | HP: 28/72 [howler monkey (5)]
  8739 | D:5      | Reached XP level 9. HP: 28/78 MP: 8/8
  8935 | D:5      | HP: 24/79 [orc warrior/trident (16)]
  8945 | D:5      | HP: 9/79 [orc warrior/trident (10)]
  9407 | D:6      | HP: 29/79 [tilp's ghost/flame tongue (17)]
  9410 | D:6      | HP: 14/79 [tilp's ghost/flame tongue (15)]
  9983 | D:6      | Killed tilp's ghost
  9983 | D:6      | Reached skill level 10 in Axes
 10648 | D:7      | Reached skill level 1 in Invocations
 10711 | D:7      | Reached skill level 2 in Invocations
 10717 | D:7      | HP: 34/79 [acid (7)]
 11043 | D:7      | HP: 24/79 [ogre/giant club (18)]
 11438 | D:8      | HP: 38/79 [hippogriff (2)]
 11443 | D:8      | HP: 28/79 [hippogriff (8)]
 11449 | D:8      | HP: 12/79 [hippogriff (5)]
 11454 | D:7      | HP: 7/79 [hippogriff (3)]
 11715 | D:8      | Noticed teton's ghost (novice DsFi)
 11725 | D:8      | Reached skill level 3 in Invocations
 11742 | D:8      | HP: 38/78 [teton's ghost (5)]
 11757 | D:8      | Killed teton's ghost
 11757 | D:8      | Reached skill level 11 in Axes
 11757 | D:8      | Reached XP level 10. HP: 52/86 MP: 11/11
 12212 | D:8      | Noticed a two-headed ogre
 12217 | D:8      | Found a shattered altar of Ashenzari.
 12234 | D:8      | Reached skill level 4 in Invocations
 12250 | D:8      | HP: 40/86 [two-headed ogre/giant club (18)]
 12258 | D:8      | HP: 21/86 [two-headed ogre/giant club (11)]
 12274 | D:8      | Noticed Erica
 12274 | D:8      | HP: 19/85 [two-headed ogre/giant club (2)]
 12718 | D:8      | HP: 16/86 [Erica/orb of energy (33)]
 12718 | D:8      | Killed Erica
 12718 | D:8      | Reached skill level 5 in Invocations
 13007 | D:8      | Found a radiant altar of Vehumet.
 13132 | D:8      | Killed a two-headed ogre
 13132 | D:8      | Reached skill level 12 in Axes
 13144 | D:8      | HP: 43/86 [wyvern (13)]
 13323 | D:9      | HP: 36/86 [steam dragon/ball of steam (11)]
 13326 | D:9      | HP: 15/86 [steam dragon (4)]
 13331 | D:9      | HP: 12/86 [steam dragon] (4)]
 13461 | D:9      | Found a glowing silver altar of Zin.
 13518 | D:9      | Found a bloodstained altar of Trog.
 13519 | D:9      | Found a basalt altar of Yredelemnul.
 13519 | D:9      | Found a sparkling altar of Nemelex Xobeh.
 13521 | D:9      | Found a snail-covered altar of Cheibriados.
 13521 | D:9      | Found a sacrificial altar of Ru.
 13717 | D:9      | Noticed Prince Ribbit
 13849 | D:9      | HP: 36/86 [Prince Ribbit (12)]
 13854 | D:9      | HP: 32/86 [Prince Ribbit (4)]
 13859 | D:9      | Killed Prince Ribbit
 13862 | D:9      | HP: 36/86 [yak (3)]
 13870 | D:9      | HP: 27/86 [yak (9)]
 13879 | D:9      | HP: 31/86 [yak (2)]
 13889 | D:9      | HP: 15/86 [yak (1)]
 13943 | D:9      | Found an ancient bone altar of Kikubaaqudgha.
 14071 | D:9      | Reached skill level 13 in Axes
 14102 | D:9      | HP: 33/86 [steam dragon/ball of steam (20)]
 14110 | D:9      | HP: 41/86 [steam dragon (3)]
 14113 | D:9      | Reached XP level 11. HP: 46/92 MP: 13/13
 14155 | D:9      | HP: 43/92 [insubstantial wisp/static electricity (4)]
 14163 | D:9      | HP: 46/92 [insubstantial wisp (3)]
 14175 | D:9      | HP: 42/92 [insubstantial wisp (5)]
 14181 | D:9      | HP: 39/92 [insubstantial wisp (3)]
 14191 | D:9      | HP: 24/92 [insubstantial wisp (8)]
 14547 | D:9      | Found a blossoming altar of Fedhas.
 14917 | D:10     | Entered Level 10 of the Dungeon
 14939 | D:10     | Noticed a two-headed ogre
 14944 | D:10     | Killed a two-headed ogre
 14986 | D:10     | HP: 46/92 [killer bee (4)]
 14988 | D:10     | HP: 20/92 [killer bee (6)]
 15023 | D:10     | Noticed a purple ugly thing
 15034 | D:10     | Killed a purple ugly thing
 15085 | D:10     | Reached **** piety under Makhleb
 15394 | D:10     | Found Bedaoqo's Gadget Emporium.
 15575 | D:10     | Bought a wand of digging (11) for 360 gold pieces
 15722 | D:10     | Reached skill level 14 in Axes
 15765 | D:10     | HP: 34/93 [komodo dragon (13)]
 15798 | D:10     | Reached skill level 6 in Invocations
 15806 | D:10     | Found a staircase to the Lair.
 16010 | D:11     | Noticed Fannar
 16011 | D:11     | Noticed a two-headed ogre
 16021 | D:11     | Noticed a two-headed ogre
 16042 | D:11     | Killed Fannar
 16042 | D:11     | Reached skill level 8 in Fighting
 16047 | D:11     | HP: 45/94 [two-headed ogre/giant spiked club (6)]
 16050 | D:11     | Killed a two-headed ogre
 16062 | D:11     | Killed a two-headed ogre
 16062 | D:11     | Reached skill level 7 in Invocations
 16103 | D:11     | Noticed a two-headed ogre
 16117 | D:11     | Killed a two-headed ogre
 16126 | D:11     | Reached XP level 12. HP: 83/103 MP: 16/16
 16188 | D:11     | Reached skill level 8 in Invocations
 16219 | D:12     | Noticed a death knight
 16306 | Lair:1   | Entered Level 1 of the Lair of Beasts
 16334 | Lair:1   | HP: 51/103 [porcupine's spines (11)]
 16423 | Lair:1   | Noticed a five-headed hydra
 16431 | Lair:1   | Killed a five-headed hydra
 16576 | Lair:1   | Reached skill level 9 in Fighting
 16576 | Lair:1   | Reached skill level 1 in Armour
 16630 | Lair:1   | HP: 50/104 [blink frog (10)]
 16635 | Lair:1   | HP: 14/104 [blink frog (13)]
 16663 | Lair:1   | Reached skill level 9 in Invocations
 16712 | Lair:1   | Identified a scroll of acquirement
 16713 | Lair:1   | Got an ichor-stained executioner's axe
 16715 | Lair:1   | Identified the +6 executioner's axe "Jaozepaf" {pain, *Rage MP+9 Int+6} (You acquired it on level 1 of the Lair of Beasts)
 16726 | Lair:1   | Reached skill level 2 in Armour
 16846 | Lair:1   | Reached skill level 15 in Axes
 17999 | Lair:3   | Found a shattered altar of Ashenzari.
 18021 | Lair:3   | Reached skill level 3 in Armour
 18029 | Lair:3   | Reached skill level 10 in Invocations
 18074 | Lair:3   | Noticed an eight-headed hydra
 18090 | Lair:3   | Killed a nine-headed hydra
 18378 | Lair:3   | Reached skill level 10 in Fighting
 18392 | Lair:3   | Got a warped broad axe
 18394 | Lair:3   | Identified the +10 broad axe of Bread {protect, *Drain +Blink rF+ Str+4} (You acquired it on level 3 of the Lair of Beasts)
 18459 | Lair:3   | Found a staircase to the Swamp.
 18471 | Lair:3   | HP: 46/106 [tyrant leech (13)]
 18475 | Lair:3   | Reached XP level 13. HP: 73/113 MP: 19/19
 18477 | Lair:3   | HP: 49/113 [tyrant leech (7)]
 18482 | Lair:3   | HP: 38/113 [tyrant leech (2)]
 18596 | Lair:4   | Reached skill level 4 in Armour
 18655 | Lair:4   | Reached skill level 11 in Invocations
 18747 | Lair:4   | Reached ***** piety under Makhleb
 18795 | Lair:4   | Found a staircase to the Snake Pit.
 19926 | Lair:5   | Noticed a fire dragon
 20296 | Lair:5   | Noticed Josephine
 20312 | Lair:5   | Killed Josephine
 20658 | Lair:6   | Entered Level 6 of the Lair of Beasts
 20688 | Lair:6   | Reached skill level 16 in Axes
 20710 | Lair:6   | Reached skill level 5 in Armour
 20719 | Lair:6   | HP: 57/114 [komodo dragon (23)]
 20726 | Lair:6   | HP: 57/114 [blink frog (9)]
 20901 | Lair:5   | Killed a fire dragon
 20901 | Lair:5   | Reached skill level 12 in Invocations
 21043 | Lair:5   | Learned a level 2 spell: Blink
 21078 | Lair:6   | HP: 55/115 [crocodile (3)]
 21080 | Lair:6   | HP: 27/115 [water moccasin (1)]
 21081 | Lair:6   | HP: 8/115 [komodo dragon (12)]
 21081 | Lair:6   | HP: 1/115 [komodo dragon (7)]
 21081 | Lair:6   | Slain by a basilisk

Vanquished Creatures
  A fire dragon (Lair:5)
  Josephine (Lair:5)
  Fannar (D:11)
  A hydra (Lair:3)
  4 two-headed ogres
  An ugly thing (D:10)
  An ice statue (Lair:4)
  4 elephants
  The ghost of tilp the Firebug, a novice DEFE (D:6)
  2 black mambas
  4 spiny frogs
  A freezing wraith (Lair:4)
  4 komodo dragons
  4 polar bears
  3 tyrant leeches (Lair:3)
  12 hippogriffs
  Prince Ribbit (D:9)
  9 blink frogs
  4 wraiths (Lair:5)
  3 wyverns
  14 yaks
  3 basilisks
  3 steam dragons
  2 insubstantial wisps (D:9)
  2 nagas (Lair:4)
  8 water moccasins
  10 porcupines
  A swamp drake (D:10)
  8 ice beasts
  A black bear (Lair:3)
  A necrophage (D:8)
  4 sky beasts (D:9)
  9 ogres
  12 wolves
  5 centaurs
  8 crocodiles
  2 big kobolds
  The ghost of Fingolfin the Digger, an amateur GrEE of Vehumet (D:3)
  A wyvern zombie (D:6)
  10 bullfrogs
  A water moccasin zombie (D:10)
  8 orc wizards
  3 scorpions
  A water moccasin skeleton (D:7)
  3 killer bees (D:10)
  8 wights
  An electric eel (Lair:5)
  2 howler monkeys
  11 crimson imps
  8 hounds
  5 jellies
  2 orc priests (D:5)
  Crazy Yiuf (D:2)
  Ijyb (D:3)
  6 worker ants
  Terence (D:2)
  A hound skeleton (D:8)
  A worker ant zombie (D:6)
  15 gnolls
  A howler monkey skeleton (D:6)
  13 adders
  3 shadow imps
  2 white imps (Lair:4)
  An ooze (D:1)
  An adder skeleton (D:5)
  6 leopard geckos
  22 orcs
  15 bats
  4 giant cockroaches
  8 goblins
  5 hobgoblins
  26 jackals
  4 quokkas
  2 ball pythons
  3 frilled lizards
  A giant cockroach zombie (D:5)
  9 kobolds
  2 leopard gecko skeletons
  A quokka skeleton (D:3)
  9 rats
  3 rat zombies (D:9)
  A plant (Lair:1)
388 creatures vanquished.

Vanquished Creatures (collateral kills)
  2 hydras
  A two-headed ogre (D:8)
  Erica (D:8)
  The ghost of teton the Skirmisher, a novice DsFi of Qazlal (D:8)
  2 elephants (Lair:4)
  A centaur zombie (D:11)
  6 blink frogs (Lair:1)
  A wyvern (D:8)
  6 yaks
  A porcupine (Lair:1)
  An eye of draining (D:11)
  A wolf (Lair:1)
  3 centaurs (D:11)
  2 bullfrogs
  2 killer bees (D:10)
  A quasit (D:11)
  A hound (D:10)
  A howler monkey zombie (D:8)
  3 orcs (D:4)
  A bat zombie (D:9)
38 creatures vanquished.

Vanquished Creatures (others)
  A yak (D:9)
  An ogre (D:4)
  An orc wizard (D:8)
  4 fungi
  4 plants (Lair:6)
11 creatures vanquished.

Grand Total: 437 creatures vanquished

Table legend:
 A = Turns spent in this place as a percentage of turns spent in the entire game.
 B = Non-inter-level travel turns spent in this place as a percentage of non-inter-level travel turns spent in the entire game.
 C = Inter-level travel turns spent in this place as a percentage of turns spent in this place.
 D = Turns resting spent in this place as a percentage of non-inter-level travel turns spent in this place.
 E = Turns spent auto-exploring this place as a percentage of non-inter-level travel turns spent in this place.
 F = Non-inter-level travel turns spent in this place divided by the number of levels of this place that you've seen.
                   A       B       C       D       E      F
               +-------+-------+-------+-------+-------+----------------------
         Total | 100.0 | 100.0 |   6.6 |  33.2 |  41.0 | 1036.7
       Dungeon |  76.9 |  78.0 |   5.3 |  40.1 |  33.5 | 1279.9
        Temple |   0.4 |   0.4 |   6.8 |  85.4 |   2.4 |  82.0
          Lair |  22.7 |  21.6 |  10.9 |   7.3 |  68.7 | 709.3
               +-------+-------+-------+-------+-------+----------------------
